 Dungeon Crawl Stone Soup version 0.30.0-15-g856e2d3f33 (webtiles) character file.

Game seed: 6366325901577482723

613 qw the Shield-Bearer (level 7, 0/42 HPs)
             Began as a Gargoyle Cinder Acolyte on May 18, 2023.
             Was a Priest of Ignis.
             Killed by nerve-wracking pain
             ... invoked by an orc priest
              (4 damage)
             ... on level 5 of the Dungeon.
             The game lasted 00:02:14 (3625 turns).

qw the Shield-Bearer (Gargoyle Cinder Acolyte)      Turns: 3625, Time: 00:02:15

Health: 0/42       AC: 25    Str: 20    XL:     7   Next: 44%
Magic:  0/8        EV:  4    Int: 14    God:    Ignis [***...]
Gold:   347        SH:  7    Dex:  5    Spells: 8/8 levels left

rFire   + . .        Y - +0 war axe (protect)
rCold   . . .        l - +0 kite shield
rNeg    + . .        f - +0 plate armour
rPois   inf          (no helmet)
rElec   +            (no cloak)
rCorr   .            k - +0 pair of gloves
SInv    .            i - +0 pair of boots
Will    .....        c - amulet of guardian spirit Stlth
                     (no ring)
HPRegen 0.27/turn    (no ring)
MPRegen 0.11/turn

%: guardian spirit
@: about to teleport, fiery-armoured
A: sickness immunity, AC +4, negative energy resistance 1, electricity
resistance, torment resistance 1, petrification resistance
a: Renounce Religion, Fiery Armour, Foxfire Swarm, Rising Flame


You were on level 5 of the Dungeon.
You worshipped Ignis.
Ignis was most pleased with you.
You visited 1 branch of the dungeon, and saw 5 of its levels.

You collected 347 gold pieces.


Innate Abilities, Weirdness & Mutations

You are immune to sickness and miasma.
Your stone body is resilient. (AC +4)
You are immune to poison.
You resist negative energy. (rN+)
You are resistant to electric shocks. (rElec)
You are resistant to unholy torment.
You are immune to petrification.


   Skills:
 + Level 3.7 Fighting
 - Level 5.1 Axes
 - Level 3.3 Armour
 - Level 5.1 Shields
 - Level 1.0 Spellcasting
 - Level 3.0 Fire Magic


You had 8 spell levels left.
You didn't know any spells.
Your spell library contained the following spells:

 Spells                   Type           Power      Damage    Failure   Level
 Scorch                   Fire           18%        2d6       100%        2

Inventory:

Hand Weapons
 p - a -1 hand axe of flaming
 Y - a +0 war axe of protection (weapon)
Armour
 f - a +0 plate armour (worn)
 i - a +0 pair of boots (worn)
 k - a +0 pair of gloves (worn)
 l - a +0 kite shield (worn)
 q - a +0 helmet
Jewellery
 b - a +5 ring of evasion
 c - an amulet of guardian spirit (around neck)
 g - a +6 ring of strength
Wands
 r - a wand of digging (7)
Scrolls
 a - 6 scrolls of identify
 j - a scroll of teleportation
Potions
 d - a potion of cancellation
 e - a potion of ambrosia {unknown}
 h - a potion of lignification {unknown}
 m - a potion of mutation {unknown}
 n - a potion of degeneration {unknown}
 o - 3 potions of curing {unknown}

Dungeon Overview and Level Annotations

Branches:
Dungeon (5/15)             Temple (0/1) D:5

Altars:
Ru

Annotations:
D:3 1 runed translucent door, Crazy Yiuf, Natasha
D:5 2 runed translucent doors, qw's ghost, novice GrCA


Message History

You hit the bush but do no damage.
The bush is heavily damaged.
You hit the bush but do no damage. You slash the bush!
You hit the bush but do no damage. x2
The orc priest hits the bush but does no damage.
The orc priest invokes the aid of Beogh against you.
You struggle to resist.
You hit the bush but do no damage.
The bush is heavily damaged.
You hit the bush but do no damage. x4
The orc priest hits the bush with a +0 hand axe.
The orc priest calls down the wrath of Beogh upon you.
Beogh smites you!
The orc priest miscasts a cantrip.
The orc priest hits the bush with a +0 dagger.
You hit the bush.
The bush is severely damaged.
You hit the bush but do no damage. x2; You hit the bush. x2
The orc priest mumbles some strange prayers to Beogh against you.
You are unaffected.
The orc priest miscasts a cantrip.
You hit the bush.
The bush is severely damaged.
You hit the bush but do no damage. x3; You hit the bush.
The orc priest invokes the aid of Beogh against you.
Beogh smites you!
The orc priest hits the bush but does no damage.
3624 ||| READING 2 scrolls of teleportation.
As you read the scroll of teleportation, it crumbles to dust.
You feel strangely unstable.
The orc priest hits the bush but does no damage. x2
You hit the bush but do no damage.
The bush is severely damaged.
You hit the bush. You hit the bush but do no damage. x3
The orc priest hits the bush with a +0 hand axe.
The orc priest casts a cantrip, but nothing happens.
The orc priest hits the bush with a +0 hand axe.
The orc priest invokes the aid of Beogh against you.
Pain shoots through your body!
You die... ..........# .......## ##..:### ##...# ## ###.## #. .. ....# #.# ######?# ##### ..PPPPPPP.P # ......).PoP # #PPP.P@PoP

# #P.P.P.P.P
#########.#P.PPP.P.P.P
..........#P.....P...P
#####[#####P.P.PPPPP.P
#.# #P.P.P...P.P
##.#####P.PPP.P.P.P
####.......P...P.P...P#
...##.####.P.PPP.PPPPP#


You could see 2 orc priests.

Vanquished Creatures
  An ice beast (D:5)
  An ogre (D:5)
  A scorpion (D:4)
  A jelly (D:5)
  A sleepcap (D:5)
  Terence (D:3)
  Natasha (twice) (D:3)
  4 iguanas
  A gnoll (D:1)
  7 adders
  2 worms (D:2)
  2 dart slugs
  2 orcs (D:5)
  3 bats
  8 endoplasms
  4 giant cockroaches
  6 goblins
  7 hobgoblins
  5 quokkas
  4 ball pythons
  2 frilled lizards
  9 kobolds
  2 rats
76 creatures vanquished.

Notes
Turn   | Place    | Note
-------+----------+-------------------------------------------
     0 | D:1      | qw the Gargoyle Cinder Acolyte began the quest for the Orb.
     0 | D:1      | Reached XP level 1. HP: 14/14 MP: 2/2
     0 | D:1      | 0 ||| qw: Version: 0.2-a-95-gc95f03d
     0 | D:1      | 0 ||| qw: Game counter: 69
     0 | D:1      | 0 ||| qw: Always use a shield: true
     0 | D:1      | 0 ||| qw: God list: Okawaru
     0 | D:1      | 0 ||| qw: Allow faded altars: false
     0 | D:1      | 0 ||| qw: Do Orc after D:15 true
     0 | D:1      | 0 ||| qw: Do second Lair branch before Depths: true
     0 | D:1      | 0 ||| qw: Lair rune preference: random
     0 | D:1      | 0 ||| qw: Plans: Normal
     0 | D:1      | 0 ||| PLANNING D:1-11
   116 | D:1      | Reached skill level 3 in Axes
   126 | D:1      | 126 ||| Stepping ~*~*~tactically~*~*~ (stealth).
   132 | D:1      | Reached XP level 2. HP: 18/19 MP: 3/3
   139 | D:1      | 139 ||| INVOKING Fiery Armour.
   295 | D:1      | 295 ||| Stepping ~*~*~tactically~*~*~ (stealth).
   305 | D:1      | Reached XP level 3. HP: 12/23 MP: 4/4
   326 | D:1      | 326 ||| Stepping ~*~*~tactically~*~*~ (stealth).
   327 | D:1      | 327 ||| Stepping ~*~*~tactically~*~*~ (stealth).
   658 | D:1      | 658 ||| UPGRADING to +0 leather armour.
   668 | D:1      | 668 ||| DROPPING +0 robe.
   669 | D:1      | 669 ||| UPGRADING to +0 plate armour.
   679 | D:1      | 679 ||| DROPPING +0 leather armour.
   680 | D:1      | 680 ||| UPGRADING to +0 pair of boots.
   685 | D:1      | 685 ||| READING 2 scrolls labelled AHUTOLOBYT.
   686 | D:1      | 686 ||| READING scroll labelled GUGHAU ROIGH.
   687 | D:1      | 687 ||| DROPPING scroll of blinking.
   742 | D:2      | Reached skill level 1 in Armour
   873 | D:2      | Reached XP level 4. HP: 28/28 MP: 5/5
   956 | D:2      | 956 ||| Stepping ~*~*~tactically~*~*~ (stealth).
  1127 | D:2      | Found a faded altar of an unknown god.
  1368 | D:2      | 1368 ||| UPGRADING to +0 kite shield.
  1373 | D:2      | 1373 ||| READING 2 scrolls labelled EXUQOFRAROJ.
  1374 | D:2      | 1374 ||| READING scroll labelled SEIFRE JUUW.
  1377 | D:2      | 1377 ||| READING scroll labelled GOUPEY REANK.
  1378 | D:2      | 1378 ||| READING scroll labelled EFEUR ITTECZA.
  1379 | D:2      | 1379 ||| READING scroll labelled IXTOUB BUAMI.
  1432 | D:3      | Reached skill level 1 in Shields
  1471 | D:3      | Noticed Terence
  1493 | D:3      | Killed Terence
  1494 | D:3      | Reached XP level 5. HP: 32/32 MP: 6/6
  1590 | D:3      | Found a runed translucent door.
  1591 | D:3      | Noticed Crazy Yiuf
  1605 | D:3      | Noticed Natasha
  1606 | D:3      | 1606 ||| Stepping ~*~*~tactically~*~*~ (hiding).
  1624 | D:3      | 1624 ||| INVOKING Fiery Armour.
  1624 | D:3      | Killed Natasha
  1811 | D:3      | Noticed Natasha
  1828 | D:3      | 1828 ||| INVOKING Fiery Armour.
  1829 | D:3      | Killed Natasha
  1830 | D:3      | Reached skill level 3 in Shields
  2055 | D:3      | Noticed Natasha
  2058 | D:3      | 2058 ||| UPGRADING to amulet of guardian spirit.
  2063 | D:3      | 2063 ||| READING scroll labelled FYKHOQ ZOYRUO.
  2064 | D:3      | 2064 ||| READING scroll labelled CAKKICSI ELEROH.
  2083 | D:3      | 2083 ||| DRINKING 2 white potions.
  2084 | D:3      | 2084 ||| DROPPING potion of attraction.
  2128 | D:4      | 2128 ||| Stepping ~*~*~tactically~*~*~ (stealth).
  2129 | D:4      | 2129 ||| Stepping ~*~*~tactically~*~*~ (stealth).
  2136 | D:4      | 2136 ||| INVOKING Fiery Armour.
  2199 | D:4      | 2199 ||| Stepping ~*~*~tactically~*~*~ (hiding).
  2277 | D:4      | 2277 ||| SWAPPING to +0 war axe.
  2293 | D:4      | Reached XP level 6. HP: 35/37 MP: 7/7
  2597 | D:4      | Found a sacrificial altar of Ru.
  2676 | D:4      | 2676 ||| UPGRADING to +0 pair of gloves.
  2681 | D:4      | 2681 ||| READING scroll labelled CUMNIP FEAMNEC.
  2682 | D:4      | 2682 ||| READING 3 scrolls of identify.
  2682 | D:4      | 2682 ||| IDENTIFYING cyan potion
  2683 | D:4      | 2683 ||| READING 2 scrolls of identify.
  2683 | D:4      | 2683 ||| IDENTIFYING viscous coppery potion
  2684 | D:4      | 2684 ||| DROPPING potion of flight.
  2699 | D:5      | Entered Level 5 of the Dungeon
  2700 | D:5      | Noticed an ice beast
  2714 | D:5      | Killed an ice beast
  2715 | D:5      | Reached skill level 3 in Armour
  2717 | D:5      | 2717 ||| STAIRDANCE
  2723 | D:4      | 2723 ||| INVOKING Fiery Armour.
  2860 | D:5      | Reached XP level 7. HP: 41/41 MP: 8/8
  2998 | D:5      | Found a large runed translucent door.
  2999 | D:5      | Found a large runed translucent door.
  3002 | D:5      | Noticed qw's ghost (novice GrCA)
  3077 | D:5      | Found a staircase to the Ecumenical Temple.
  3608 | D:5      | 3608 ||| INVOKING Fiery Armour.
  3623 | D:5      | HP: 3/42 [orc priest/divine providence (11)]
  3624 | D:5      | 3624 ||| READING 2 scrolls of teleportation.
  3625 | D:5      | Killed from afar by an orc priest

Levels and vault maps discovered:
D:1:      dpeg_arrival_arbitrary_c, layout_basic, minmay_misc_feat_rugged
D:2:      layout_basic, basic_ecumenical_altar, minmay_strange_pillars,
          chequers_mini_garden, minmay_domino_4
D:3:      layout_rooms, lemuel_flame_loot_1, uniq_natasha,
          uniq_crazy_yiuf_cottage, uniq_terence
D:4:      layout_basic, nicolae_overflow_crystal_walls
D:5:      layout_loops_ring, minmay_temple_entry_offerings,
          ebering_ghost_disaster_area, minmay_hedge_maze,
          hangedman_decor_lopped, kennysheep_windowed_goal

Skill      XL: |  1  2  3  4  5  6  7 |
---------------+----------------------+-----
Axes           | 3 4 5 |  5.1
Armour         | 2 3 |  3.3
Shields        | 2 4 5 |  5.1
Fighting       | |  3.7
Spellcasting   | |  1.0
Fire Magic     | |  3.0

Action                     |  1- 3 |  4- 6 |  7- 9 || total
---------------------------+-------+-------+-------++-------
  Melee: Hand axe          |    99 |   176 |       ||   275
         Punch             |       |     1 |       ||     1
         War axe           |       |    73 |    66 ||   139
 Invoke: Fiery Armour      |     1 |     4 |     1 ||     6
    Use: Scroll            |     2 |    10 |     1 ||    13
         Potion            |       |     1 |       ||     1
 Armour: Robe              |    13 |       |       ||    13
         Plate armour      |    34 |   180 |    21 ||   235
  Dodge: Dodged            |    39 |    64 |     5 ||   108
  Block: Kite shield       |       |    59 |    18 ||    77

Table legend:
 A = Non-vault XP
 B = Vault XP
 C = Vault XP percentage of total XP
 D = Non-vault monster count
 E = Vault monster count
 F = Vault count percentage of total count
                 A         B        C        D         E       F
            +---------+---------+-------+---------+---------+-------
      Total |     794 |      83 |   9.5 |      70 |       6 |   7.9
            +---------+---------+-------+---------+---------+-------
        D:1 |      48 |       0 |   0.0 |      19 |       0 |   0.0
        D:2 |      74 |       9 |  10.8 |      19 |       3 |  13.6
        D:3 |      57 |      71 |  55.5 |       8 |       2 |  20.0
        D:4 |     204 |       0 |   0.0 |      16 |       0 |   0.0
        D:5 |     411 |       3 |   0.7 |       8 |       1 |  11.1
            +---------+---------+-------+---------+---------+-------
